 Dungeon Crawl Stone Soup version 0.30-a0-949-g53dc5368d7 (webtiles) character file.

Game seed: 1604092058865857519

80 retardedninja the Trooper (level 4, -1/36 HPs)
             Began as a Human Fighter on Mar 27, 2023.
             Slain by Sigmund
             ... wielding a +2 vampiric scythe
              (9 damage)
             ... on level 2 of the Dungeon.
             The game lasted 00:01:20 (906 turns).

retardedninja the Trooper (Human Fighter)            Turns: 906, Time: 00:01:20

Health: -1/36      AC:  6    Str: 18    XL:     4   Next: 65%
Magic:  4/4        EV:  9    Int:  8    God:
Gold:   112        SH:  5    Dex: 13    Spells: 3/3 levels left

rFire   . . .      SeeInvis .    a - +0 war axe
rCold   . . .      Faith    .    c - +0 buckler
rNeg    . . .      Spirit   .    b - +0 scale mail
rPois   .          Reflect  .    (no helmet)
rElec   .          Rampage  .    (no cloak)
rCorr   .                        (no gloves)
Will    .....                    (no boots) Stlth
                                 (no amulet)
HPRegen 0.26/turn                (no ring)
MPRegen 0.09/turn                (no ring)

@: no status effects
A: no striking features
a: no special abilities


You were on level 2 of the Dungeon.
You visited 1 branch of the dungeon, and saw 2 of its levels.

You collected 112 gold pieces.

Inventory:

Hand Weapons
 a - a +0 war axe (weapon)
Armour
 b - a +0 scale mail (worn)
 c - a +0 buckler (worn)
Scrolls
 e - 2 scrolls of noise {unknown}
 h - a scroll of vulnerability {unknown}
 k - a scroll of poison {unknown}
 l - a scroll of identify {unknown}
Potions
 d - a potion of might
 f - a potion of cancellation {unknown}
 g - a potion of berserk rage {unknown}
 i - 2 potions of heal wounds {unknown}


   Skills:
 + Level 3.6 Fighting
 + Level 2.8 Axes
 + Level 3.5 Armour
 + Level 3.5 Shields


You had 3 spell levels left.
You didn't know any spells.
Your spell library was empty.

Dungeon Overview and Level Annotations

Branches:
Dungeon (2/15)

Altars:
Makhleb

Annotations:
D:2 Sigmund


Message History

Unknown command.
You hear some strange, mumbled words.
Something tries to affect you, but you resist.
Throw: 4 javelins
Press: ? - help, Q - select action Shift-Dir - straight line You throw a javelin.
You block something's attack.
Throw: 3 javelins
Press: ? - help, Q - select action Shift-Dir - straight line, f - you Really target yourself? [Y]es or [N]o only, please.
Really target yourself? [Y]es or [N]o only, please.
Really target yourself? [Y]es or [N]o only, please.
Really target yourself?
Okay, then.
Throw: 3 javelins
Press: ? - help, Q - select action Shift-Dir - straight line You throw a javelin.
Something hits you!
You barely miss something.
You hear some strange, mumbled words.
You are confused.
Something hits you but does no damage.
You hit something.
You bump into the rock wall.
Something hits you.
Non-targeted confused throw: 2 javelins
Press: ? - help, Q - select action Dir - look around, f - activate You throw a javelin.
Something hits you!
Non-targeted confused throw: javelin
Press: ? - help, Q - select action Dir - look around, f - activate You throw a javelin.
You feel less confused. Something hits you.
* * * LOW HITPOINT WARNING * * *
Unknown command.
You miss something. Something hits you!
You die...

## ### .. ..# #####+##.#
#.########## #........
#.#.........
........#####.#.########
..............#.......
#######†########.###.######
#...(....{@......###....<#
#.....#####.........#######
+.....'.............'......
#.....####.......(..#######
+............(.............
#.....#..############......
#.....#>.....#### #......
#.....#.####....# #......
#.....#.#######.#####......


There were no monsters in sight!

Vanquished Creatures
  Natasha (twice) (D:2)
  A dart slug (D:1)
  5 ball pythons
  5 endoplasms (D:1)
  A giant cockroach (D:1)
  A goblin (D:1)
  3 hobgoblins (D:1)
  2 quokkas (D:1)
  2 bats
  4 frilled lizards
  A rat (D:1)
27 creatures vanquished.

Vanquished Creatures (others)
  4 plants (D:1)
4 creatures vanquished.

Grand Total: 31 creatures vanquished

Notes
Turn   | Place    | Note
-------+----------+-------------------------------------------
     0 | D:1      | retardedninja the Human Fighter began the quest for the
                  | Orb.
     0 | D:1      | Reached XP level 1. HP: 18/18 MP: 1/1
    99 | D:1      | Reached XP level 2. HP: 21/24 MP: 2/2
   313 | D:1      | Found a faded altar of an unknown god.
   368 | D:1      | Reached XP level 3. HP: 29/29 MP: 3/3
   663 | D:2      | Noticed Natasha
   667 | D:2      | Killed Natasha
   668 | D:2      | Reached XP level 4. HP: 35/35 MP: 4/4
   789 | D:2      | Noticed Natasha
   804 | D:2      | Killed Natasha
   806 | D:2      | Found a burning altar of Makhleb.
   889 | D:2      | Noticed Sigmund
   906 | D:2      | Slain by Sigmund

Illustrated notes

Levels and vault maps discovered:
D:1:      dpeg_arrival_pits, layout_rooms,
          hellmonk_ecumenical_altar_arch_garden, minmay_fountain_box,
          serial_bayou_ford_a, serial_park_tiny_2
D:2:      minmay_evil_eye, layout_basic, basic_altar, uniq_sigmund, uniq_natasha

Action                     |  1- 3 |  4- 6 || total
---------------------------+-------+-------++-------
  Melee: War axe           |    66 |    15 ||    81
  Throw: Javelin           |     7 |    10 ||    17
 Armour: Scale mail        |    33 |     5 ||    38
  Dodge: Dodged            |    29 |     6 ||    35
  Block: Buckler           |    23 |     6 ||    29

Table legend: (Time is in decaauts)
 A = Elapsed time spent in this place.
 B = Non-inter-level travel time spent in this place.
 C = Inter-level travel time spent in this place.
 D = Time resting spent in this place.
 E = Time spent auto-exploring this place.
 F = Levels seen in this place.
 G = Mean time per level.
                   A        B        C        D        E       F      G
               +--------+--------+--------+--------+--------+-----+--------+
         Total |    967 |    956 |     11 |      0 |    710 |   2 |  483.5 |
       Dungeon |    967 |    956 |     11 |      0 |    710 |   2 |  483.5 |
               +--------+--------+--------+--------+--------+-----+--------+

Top non-repeatable levels by time:
     D:1: 518 daAuts
     D:2: 448 daAuts
